ITL
OTSEGO BULLDOGS @ AMARILLO ARCHDUKES
08/18/2027
 
TOP OF THE 1ST
Otsego Bulldogs batting - Pitching for Amarillo Archdukes : RHP Raymond Gregg
Pitching: RHP Raymond Gregg
Batting: RHB Manuel Ortega 0-0: Called Strike
0-1: SINGLE (Line Drive, 34)
Batting: RHB Armando Cuevas 0-0: Foul Ball, location: 2F
0-1: Ball
1-1: Ball
2-1: Ball
3-1: Foul Ball, location: 2F
3-2: SINGLE (Groundball, 56D)
Manuel Ortega to second
Batting: RHB Felipe Rodríguez 0-0: Ball
1-0: Foul Ball, location: 2F
1-1: SINGLE (Groundball, 6MD)
Manuel Ortega to third
Armando Cuevas to second
Batting: RHB Jorge Cisneros 0-0: Called Strike
0-1: Ball
1-1: Fly out, F7 (Flyball, 7LMF)
Runner from 3rd tags up, OUT at HOME
Armando Cuevas to third
Felipe Rodríguez to second
Batting: RHB Cristo García 0-0: Ball
1-0: Swinging Strike
1-1: Ball
2-1: Ball
3-1: Called Strike
3-2: Base on Balls
Batting: RHB Ramiro Chávez 0-0: Ball
1-0: Ball
2-0: Called Strike
2-1: Fly out, F6 (Popup, 6D)
Top of the 1st over - 0 run(s), 3 hit(s), 0 error(s), 3 left on base; Otsego 0 - Amarillo 0
BOTTOM OF THE 1ST
Amarillo Archdukes batting - Pitching for Otsego Bulldogs : RHP Dave Smith
Pitching: RHP Dave Smith
Batting: RHB Tony Quinn 0-0: Ball
1-0: Foul Ball, location: 2F
1-1: Swinging Strike
1-2: Foul Ball, location: 2F
1-2: Ball
2-2: SINGLE (Groundball, 6D)
Batting: RHB Jorge Espinosa 0-0: Foul Ball, location: 2F
0-1: SINGLE (Groundball, 6MD)
Tony Quinn to second
Batting: LHB Michael Cook 0-0: Ball
1-0: Called Strike
1-1: Foul Ball, location: 2F
1-2: Ball
2-2: Ball
3-2: Fly out, F4 (Line Drive, 4M)
Batting: RHB Norm Francis 0-0: Ball
1-0: Called Strike
1-1: Ball
2-1: Foul Ball, location: 2F
2-2: Foul Ball, location: 2F
2-2: Ball
3-2: Base on Balls
Tony Quinn to third
Jorge Espinosa to second
Batting: LHB Edwin Ryan 0-0: Foul Ball, location: 2F
0-1: Ball
1-1: Ball
2-1: Foul Ball, location: 2F
2-2: Ball
3-2: Strikes out swinging
Batting: RHB Roberto García 0-0: Ball
1-0: Ball
2-0: Foul Ball, location: 2F
2-1: Ball
3-1: Called Strike
3-2: DOUBLE (Line Drive, 78D)
Tony Quinn scores
Jorge Espinosa scores
Norm Francis to third
Norm Francis scores
Batting: RHB Gil Watcham 0-0: Called Strike
0-1: Reached on error, E3 (Groundball, 34)
Roberto García to third
Batting: RHB Herb Bunch 0-0: Ball
1-0: SINGLE (Groundball, 56D)
Roberto García scores
Gil Watcham to second
Batting: RHB José Ruíz 0-0: Called Strike
0-1: Ball
1-1: Swinging Strike
1-2: Strikes out swinging
Bottom of the 1st over - 4 run(s), 4 hit(s), 1 error(s), 2 left on base; Otsego 0 - Amarillo 4
TOP OF THE 2ND
Otsego Bulldogs batting - Pitching for Amarillo Archdukes : RHP Raymond Gregg
Batting: RHB Felipe Rego 0-0: Called Strike
0-1: Called Strike
0-2: Ball
1-2: Ball
2-2: Strikes out swinging, 2-3 out at first.
Batting: RHB Kyung-bok Cho 0-0: Called Strike
0-1: Swinging Strike
0-2: Strikes out swinging
Batting: LHB Martin Davis 0-0: Foul Ball, location: 2F
0-1: Ball
1-1: Called Strike
1-2: Foul Ball, location: 2F
1-2: DOUBLE (Line Drive, 8LD)
Batting: RHB Manuel Ortega 0-0: Ground out 6-3 (Groundball, 6M)
Top of the 2nd over - 0 run(s), 1 hit(s), 0 error(s), 1 left on base; Otsego 0 - Amarillo 4
BOTTOM OF THE 2ND
Amarillo Archdukes batting - Pitching for Otsego Bulldogs : RHP Dave Smith
Batting: RHB Tony Quinn 0-0: Ball
1-0: Ball
2-0: Ball
3-0: Base on Balls
Batting: RHB Jorge Espinosa 0-0: Ball
1-0: Called Strike
1-1: SINGLE (Line Drive, 89S)
Tony Quinn to second
Batting: LHB Michael Cook 0-0: DOUBLE (Line Drive, 9LD)
Tony Quinn scores
Jorge Espinosa to third
Batting: RHB Norm Francis 0-0: Foul Ball, location: 2F
0-1: Ball
1-1: Foul Ball, location: 2F
1-2: Foul Ball, location: 2F
1-2: Strikes out looking
Batting: LHB Edwin Ryan 0-0: Fly out, F4 (Popup, 34)
Batting: RHB Roberto García 0-0: Foul Ball, location: 2F
0-1: Ball
1-1: Foul Ball, location: 2F
1-2: DOUBLE (Line Drive, 9D)
Jorge Espinosa scores
Michael Cook scores
Batting: RHB Gil Watcham 0-0: Ground out 1-3 (Groundball, 13)
Bottom of the 2nd over - 3 run(s), 3 hit(s), 0 error(s), 1 left on base; Otsego 0 - Amarillo 7
TOP OF THE 3RD
Otsego Bulldogs batting - Pitching for Amarillo Archdukes : RHP Raymond Gregg
Batting: RHB Armando Cuevas 0-0: Ground out 6-3 (Groundball, 56)
Batting: RHB Felipe Rodríguez 0-0: Ball
1-0: Ball
2-0: Foul Ball, location: 2F
2-1: Foul Ball, location: 2F
2-2: Foul Ball, location: 2F
2-2: Ball
3-2: Ground out 5-3 (Groundball, 56)
Batting: RHB Jorge Cisneros 0-0: Called Strike
0-1: Ball
1-1: Foul Ball, location: 2F
1-2: Ball
2-2: Foul Ball, location: 2F
2-2: Fly out, F7 (Line Drive, 7)
Top of the 3rd over - 0 run(s), 0 hit(s), 0 error(s), 0 left on base; Otsego 0 - Amarillo 7
BOTTOM OF THE 3RD
Amarillo Archdukes batting - Pitching for Otsego Bulldogs : RHP Dave Smith
Pitching: LHP Esteban Santos
Batting: RHB Herb Bunch 0-0: Swinging Strike
0-1: Foul Ball, location: 2F
0-2: Strikes out swinging
Batting: RHB José Ruíz 0-0: Called Strike
0-1: Ball
1-1: Ball
2-1: Ball
3-1: Base on Balls
Batting: RHB Tony Quinn 0-0: Ball
1-0: Ground out U3 (Groundball, 34)
José Ruíz to second
Batting: RHB Jorge Espinosa 0-0: Called Strike
0-1: Foul Ball, location: 2F
0-2: Foul Ball, location: 2F
0-2: Ball
1-2: Ball
2-2: SINGLE (Line Drive, 3)
José Ruíz to third
Runner from 3rd tries for Home, SAFE, no throw
Batting: LHB Michael Cook 0-0: Called Strike
0-1: Ball
1-1: Fielders Choice at 2nd, 4-6 (Groundball, 4)
Bottom of the 3rd over - 1 run(s), 1 hit(s), 0 error(s), 0 left on base; Otsego 0 - Amarillo 8
TOP OF THE 4TH
Otsego Bulldogs batting - Pitching for Amarillo Archdukes : RHP Raymond Gregg
Batting: RHB Cristo García 0-0: Ball
1-0: Ball
2-0: DOUBLE (Line Drive, 7D)
Batting: RHB Ramiro Chávez 0-0: Swinging Strike
0-1: Called Strike
0-2: Ball
1-2: Ground out 6-3 (Groundball, 6)
Batting: RHB Felipe Rego 0-0: Foul Ball, location: 2F
0-1: Called Strike
0-2: Fly out, F8 (Flyball, 8LM)
Batting: RHB Kyung-bok Cho 0-0: Ball
1-0: SINGLE (Line Drive, 4)
Cristo García to third
Runner from 3rd tries for Home, SAFE, no throw
Batting: LHB Martin Davis 0-0: Ball
1-0: Ball
2-0: SINGLE (Line Drive, 9S)
Kyung-bok Cho to second
Batting: RHB Manuel Ortega 0-0: Ball
1-0: Foul Ball, location: 2F
1-1: Swinging Strike
1-2: Fielders Choice at 2nd, 5-4 (Groundball, 56)
Top of the 4th over - 1 run(s), 3 hit(s), 0 error(s), 1 left on base; Otsego 1 - Amarillo 8
BOTTOM OF THE 4TH
Amarillo Archdukes batting - Pitching for Otsego Bulldogs : LHP Esteban Santos
Batting: RHB Norm Francis 0-0: Foul Ball, location: 2F
0-1: DOUBLE (Line Drive, 3D)
Batting: LHB Edwin Ryan 0-0: Called Strike
0-1: Foul Ball, location: 2F
0-2: Hit by Pitch
Batting: RHB Roberto García 0-0: Swinging Strike
0-1: Foul Ball, location: 2F
0-2: Ground out 5-3 (Groundball, 56S)
Norm Francis to third
Edwin Ryan to second
Batting: RHB Gil Watcham 0-0: Foul Ball, location: 2F
0-1: Fly out, F8 (Flyball, 8LM)
Runner from 3rd tags up, SCORES, no throw
Batting: RHB Herb Bunch 0-0: Ball
1-0: SINGLE (Groundball, 4MD)
Edwin Ryan to third
Runner from 3rd tries for Home, SAFE, no throw
Pitching: LHP Jeff Hardin
Batting: RHB José Ruíz 0-0: Called Strike
0-1: Swinging Strike
0-2: Ball
1-2: Strikes out swinging
Bottom of the 4th over - 2 run(s), 2 hit(s), 0 error(s), 1 left on base; Otsego 1 - Amarillo 10
TOP OF THE 5TH
Otsego Bulldogs batting - Pitching for Amarillo Archdukes : RHP Raymond Gregg
Batting: RHB Armando Cuevas 0-0: Ball
1-0: DOUBLE (Groundball, 5L)
Batting: RHB Felipe Rodríguez 0-0: DOUBLE (Line Drive, 7LD)
Armando Cuevas scores
Batting: RHB Jorge Cisneros 0-0: Ball
1-0: Called Strike
1-1: Called Strike
1-2: Strikes out swinging
Batting: RHB Cristo García 0-0: Foul Ball, location: 2F
0-1: SINGLE (Groundball, 4MD)
Felipe Rodríguez to third
Runner from 3rd tries for Home, SAFE, throw made home
Cristo García to second
Batting: RHB Ramiro Chávez 0-0: Ball
1-0: Ball
2-0: Foul Ball, location: 2F
2-1: Ball
3-1: Foul Ball, location: 2F
3-2: Strikes out swinging
Pitching: RHP Larry Pérez
Batting: RHB Felipe Rego 0-0: Ball
1-0: Foul Ball, location: 2F
1-1: Ball
2-1: Fly out, F8 (Flyball, 8LS)
Top of the 5th over - 2 run(s), 3 hit(s), 0 error(s), 1 left on base; Otsego 3 - Amarillo 10
BOTTOM OF THE 5TH
Amarillo Archdukes batting - Pitching for Otsego Bulldogs : LHP Jeff Hardin
Batting: RHB Tony Quinn 0-0: Foul Ball, location: 2F
0-1: Foul Ball, location: 2F
0-2: Fly out, F7 (Line Drive, 7)
Batting: RHB Jorge Espinosa 0-0: Called Strike
0-1: DOUBLE (Line Drive, 78XD)
Batting: LHB Michael Cook 0-0: Called Strike
0-1: Ball
1-1: Swinging Strike
1-2: Ground out 3-1 (Groundball, 34)
Jorge Espinosa to third
Batting: RHB Norm Francis 0-0: SINGLE (Groundball, 6MD)
Jorge Espinosa scores
Batting: LHB Edwin Ryan 0-0: Ball
1-0: Called Strike
1-1: Ball
2-1: Called Strike
2-2: Ball
3-2: Foul Ball, location: 2F
3-2: SINGLE (Groundball, 34D)
Norm Francis to second
Norm Francis to third
Batting: RHB Roberto García 0-0: Ball
1-0: Called Strike
1-1: Swinging Strike
1-2: Foul Ball, location: 2F
1-2: Ball
2-2: Fielders Choice at 2nd, 6-4 (Groundball, 6)
Bottom of the 5th over - 1 run(s), 3 hit(s), 0 error(s), 1 left on base; Otsego 3 - Amarillo 11
TOP OF THE 6TH
Otsego Bulldogs batting - Pitching for Amarillo Archdukes : RHP Larry Pérez
Batting: RHB Kyung-bok Cho 0-0: Ball
1-0: Ball
2-0: Fly out, F6 (Popup, 56D)
Batting: LHB Martin Davis 0-0: Called Strike
0-1: Ball
1-1: Ball
2-1: Ball
3-1: Base on Balls
Batting: RHB Manuel Ortega 0-0: Fly out, F8 (Line Drive, 89D)
Batting: RHB Armando Cuevas 0-0: SINGLE (Groundball, 6MD)
Martin Davis to second
Runner from 2nd tries for 3rd, SAFE, throw made to third
Batting: RHB Felipe Rodríguez 0-0: Ball
1-0: Ball
2-0: Called Strike
2-1: Foul Ball, location: 2F
2-2: Ball
3-2: Foul Ball, location: 2F
3-2: Hit by Pitch
Armando Cuevas to second
Batting: RHB Jorge Cisneros 0-0: Ball
1-0: Ball
2-0: Swinging Strike
2-1: SINGLE (Groundball, 4MD)
Martin Davis scores
Armando Cuevas to third
Felipe Rodríguez to second
Runner from 3rd tries for Home, SAFE, throw made home
Felipe Rodríguez to third
Jorge Cisneros to second
Batting: RHB Cristo García 0-0: Ball
1-0: Foul Ball, location: 2F
1-1: Ball
2-1: Ball
Wild Pitch!
Felipe Rodríguez scores
Jorge Cisneros to third
3-1: Called Strike
3-2: Fly out, F8 (Flyball, 8LD)
Top of the 6th over - 3 run(s), 2 hit(s), 0 error(s), 1 left on base; Otsego 6 - Amarillo 11
BOTTOM OF THE 6TH
Amarillo Archdukes batting - Pitching for Otsego Bulldogs : LHP Jeff Hardin
Batting: RHB Gil Watcham 0-0: Ground out 6-3 (Groundball, 56)
Batting: RHB Herb Bunch 0-0: Ball
1-0: Swinging Strike
1-1: Swinging Strike
1-2: Strikes out swinging
Batting: RHB José Ruíz 0-0: Called Strike
0-1: Foul Ball, location: 2F
0-2: Ball
1-2: Foul Ball, location: 2F
1-2: Ball
2-2: Foul Ball, location: 2F
2-2: Ball
3-2: Foul Ball, location: 2F
3-2: Ground out 6-3 (Groundball, 6)
Bottom of the 6th over - 0 run(s), 0 hit(s), 0 error(s), 0 left on base; Otsego 6 - Amarillo 11
TOP OF THE 7TH
Otsego Bulldogs batting - Pitching for Amarillo Archdukes : RHP Larry Pérez
Pitching: LHP Glenn Dunn
Batting: RHB Ramiro Chávez 0-0: Called Strike
0-1: Ball
1-1: Foul Ball, location: 2F
1-2: Fly out, F2 (Popup, 23)
Batting: RHB Felipe Rego 0-0: Foul Ball, location: 2F
0-1: Ball
1-1: Ball
2-1: Called Strike
2-2: Ball
3-2: Strikes out swinging
Batting: RHB Kyung-bok Cho 0-0: Ball
1-0: Ball
2-0: Called Strike
2-1: SINGLE (Line Drive, 89M)
Batting: LHB Martin Davis 0-0: Ball
1-0: Ball
2-0: Called Strike
2-1: Ball
3-1: Base on Balls
Kyung-bok Cho to second
Batting: RHB Manuel Ortega 0-0: 3-RUN HOME RUN (Line Drive, 7D), Distance : 341 ft
Pitching: RHP Tsugahara Suzuki
Batting: RHB Armando Cuevas 0-0: Called Strike
0-1: Ball
1-1: Ball
2-1: Ball
3-1: Foul Ball, location: 2F
3-2: SINGLE (Groundball, 4MD)
Batting: RHB Felipe Rodríguez 0-0: DOUBLE (Flyball, 78D)
Armando Cuevas to third
Batting: RHB Jorge Cisneros 0-0: Ball
1-0: Ball
2-0: Fly out, F2 (Popup, 3S)
Top of the 7th over - 3 run(s), 4 hit(s), 0 error(s), 2 left on base; Otsego 9 - Amarillo 11
BOTTOM OF THE 7TH
Amarillo Archdukes batting - Pitching for Otsego Bulldogs : LHP Jeff Hardin
Pitching: RHP Ricardo Trujillo
Batting: RHB Tony Quinn 0-0: Ball
1-0: Ball
2-0: Ball
3-0: Base on Balls
Batting: RHB Jorge Espinosa 0-0: Ball
1-0: Ball
2-0: Sac Bunt - play at first, batter safe!
Tony Quinn to second
Batting: LHB Michael Cook 0-0: Called Strike
0-1: Ball
1-1: Ball
2-1: Called Strike
2-2: Fly out, F8 (Line Drive, 8RXD)
Runner from 2nd tags up, SAFE at 3rd, no throw
Batting: RHB Norm Francis 0-0: Ball
1-0: Called Strike
1-1: Ball
2-1: Ball
3-1: Base on Balls
Jorge Espinosa to second
Batting: LHB Edwin Ryan 0-0: Swinging Strike
0-1: Ball
1-1: Ball
2-1: Swinging Strike
2-2: Ball
3-2: Foul Ball, location: 2F
3-2: Grounds into fielders choice 4-2 (Groundball, 4)
Jorge Espinosa to third
Norm Francis to second
Batting: RHB Roberto García 0-0: Called Strike
0-1: Ball
1-1: Fly out, F9 (Flyball, 89D)
Bottom of the 7th over - 0 run(s), 1 hit(s), 0 error(s), 3 left on base; Otsego 9 - Amarillo 11
TOP OF THE 8TH
Otsego Bulldogs batting - Pitching for Amarillo Archdukes : RHP Tsugahara Suzuki
Batting: RHB Cristo García 0-0: Called Strike
0-1: Fly out, F8 (Flyball, 8RD)
Batting: RHB Ramiro Chávez 0-0: Ball
1-0: Foul Ball, location: 2F
1-1: Fly out, F8 (Flyball, 8RD)
Batting: RHB Felipe Rego 0-0: Foul Ball, location: 2F
0-1: Ball
1-1: SOLO HOME RUN (Flyball, 8LXD), Distance : 391 ft
Batting: RHB Kyung-bok Cho 0-0: Foul Ball, location: 2F
0-1: Foul Ball, location: 2F
0-2: Strikes out swinging
Top of the 8th over - 1 run(s), 1 hit(s), 0 error(s), 0 left on base; Otsego 10 - Amarillo 11
BOTTOM OF THE 8TH
Amarillo Archdukes batting - Pitching for Otsego Bulldogs : RHP Ricardo Trujillo
Batting: RHB Gil Watcham 0-0: Ball
1-0: Ball
2-0: SINGLE (Groundball, 6MD)
Batting: RHB Herb Bunch 0-0: Ball
1-0: Called Strike
1-1: Called Strike
1-2: Foul Ball, location: 2F
1-2: Strikes out swinging
Batting: RHB José Ruíz 0-0: Ball
1-0: Ground out 5-3 (Groundball, 56)
Gil Watcham to second
Batting: RHB Tony Quinn 0-0: Ball
1-0: Ball
2-0: Ground out 1-3 (Groundball, 13)
Bottom of the 8th over - 0 run(s), 1 hit(s), 0 error(s), 1 left on base; Otsego 10 - Amarillo 11
TOP OF THE 9TH
Otsego Bulldogs batting - Pitching for Amarillo Archdukes : RHP Tsugahara Suzuki
Pitching: RHP Nick Parks
Now at C: Juan Barrera
Now at 1B: Héctor Martínez
Batting: LHB Martin Davis 0-0: Ball
1-0: Called Strike
1-1: Swinging Strike
1-2: Ground out 4-3 (Groundball, 34)
Batting: RHB Manuel Ortega 0-0: Fly out, F7 (Flyball, 7)
Batting: RHB Armando Cuevas 0-0: Fly out, F5 (Popup, 56S)
Top of the 9th over - 0 run(s), 0 hit(s), 0 error(s), 0 left on base; Otsego 10 - Amarillo 11
Thursday, March 30th, 2017 - OOTP Baseball 17.12 Build 75